SA
GRIM REAPERS @ NEBRASKA PLAINSMEN
05/06/2025
 
TOP OF THE 1ST
Grim Reapers batting - Pitching for Nebraska Plainsmen : RHP Jim Unknown
Pitching: RHP Jim Unknown
Batting: RHB Júlio Gonzáles 0-0: Swinging Strike
0-1: Ball
1-1: Ball
2-1: Called Strike
2-2: Foul Ball, location: 2F
2-2: Ground out 6-3 (Groundball, 56D)
Batting: RHB Carlos Méndez 0-0: Ball
1-0: Ball
2-0: Called Strike
2-1: Ball
3-1: Called Strike
3-2: Ground out 6-3 (Groundball, 6)
Batting: LHB Jesús Morales 0-0: Foul Ball, location: 2F
0-1: Called Strike
0-2: Fly out, F6 (Popup, 6MS)
Top of the 1st over - 0 run(s), 0 hit(s), 0 error(s), 0 left on base; Grim 0 - Nebraska 0
BOTTOM OF THE 1ST
Nebraska Plainsmen batting - Pitching for Grim Reapers : RHP Mack MacDonald
Pitching: RHP Mack MacDonald
Batting: RHB Young-hwan Hyon 0-0: Ground out 4-3 (Groundball, 4M)
Batting: RHB Lorenzo Ruíz 0-0: Swinging Strike
0-1: Foul Ball, location: 2F
0-2: Strikes out swinging
Batting: RHB Artie Dempsey 0-0: Foul Ball, location: 2F
0-1: Swinging Strike
0-2: Strikes out looking
Bottom of the 1st over - 0 run(s), 0 hit(s), 0 error(s), 0 left on base; Grim 0 - Nebraska 0
TOP OF THE 2ND
Grim Reapers batting - Pitching for Nebraska Plainsmen : RHP Jim Unknown
Batting: RHB Raúl Moreno 0-0: Called Strike
0-1: Ball
1-1: Fly out, F9 (Flyball, 9)
Batting: RHB Marcos Martínez 0-0: Fly out, F9 (Flyball, 9LS)
Batting: RHB Will Huggins 0-0: Called Strike
0-1: Ball
1-1: Swinging Strike
1-2: Strikes out swinging
Top of the 2nd over - 0 run(s), 0 hit(s), 0 error(s), 0 left on base; Grim 0 - Nebraska 0
BOTTOM OF THE 2ND
Nebraska Plainsmen batting - Pitching for Grim Reapers : RHP Mack MacDonald
Batting: RHB Bob Barlow 0-0: Foul Ball, location: 2F
0-1: Swinging Strike
0-2: Ball
1-2: Fly out, F8 (Flyball, 8LM)
Batting: RHB Bryce Honour 0-0: Swinging Strike
0-1: Called Strike
0-2: Strikes out looking
Batting: RHB Júlio Crez 0-0: Called Strike
0-1: Foul Ball, location: 2F
0-2: Ball
1-2: Foul Ball, location: 2F
1-2: Strikes out swinging
Bottom of the 2nd over - 0 run(s), 0 hit(s), 0 error(s), 0 left on base; Grim 0 - Nebraska 0
TOP OF THE 3RD
Grim Reapers batting - Pitching for Nebraska Plainsmen : RHP Jim Unknown
Batting: LHB Steve Costillo 0-0: Ball
1-0: SINGLE (Groundball, 3D)
Batting: RHB Sherman Trowell 0-0: Ball
1-0: Swinging Strike
1-1: Swinging Strike
1-2: Foul Ball, location: 2F
1-2: Ball
2-2: Foul Ball, location: 2F
2-2: SINGLE (Line Drive, 7LM)
Steve Costillo to second
Batting: RHB Earnest Vater 0-0: Ball
1-0: Ball
2-0: Called Strike
2-1: Ball
3-1: Called Strike
3-2: Fielders Choice at 2nd, 5-4 (Groundball, 56)
Steve Costillo to third
Batting: RHB Júlio Gonzáles 0-0: Called Strike
0-1: Called Strike
0-2: Strikes out swinging
Batting: RHB Carlos Méndez 0-0: Ball
1-0: Ball
2-0: Ball
3-0: Base on Balls
Earnest Vater to second
Batting: LHB Jesús Morales 0-0: SINGLE (Flyball, 8RS)
Steve Costillo scores
Earnest Vater to third
Carlos Méndez to second
Batting: RHB Raúl Moreno 0-0: Foul Ball, location: 2F
0-1: Ball
1-1: Fielders Choice at 2nd, 5-4 (Groundball, 5)
Top of the 3rd over - 1 run(s), 3 hit(s), 0 error(s), 2 left on base; Grim 1 - Nebraska 0
BOTTOM OF THE 3RD
Nebraska Plainsmen batting - Pitching for Grim Reapers : RHP Mack MacDonald
Batting: RHB Júlio Vargas 0-0: Ball
1-0: Called Strike
1-1: Ball
2-1: Fly out, F6 (Popup, 6)
Batting: LHB Lance Antle 0-0: Foul Ball, location: 2F
0-1: Ball
1-1: Ball
2-1: Foul Ball, location: 2F
2-2: Strikes out swinging
Batting: RHB Amos Bies 0-0: Ball
1-0: Ball
2-0: Ball
3-0: Base on Balls
Batting: RHB Young-hwan Hyon 0-0: Ball
1-0: Swinging Strike
1-1: Ball
2-1: Swinging Strike
2-2: Ball
Amos Bies steals 2nd base
3-2: Strikes out swinging
Bottom of the 3rd over - 0 run(s), 0 hit(s), 0 error(s), 1 left on base; Grim 1 - Nebraska 0
TOP OF THE 4TH
Grim Reapers batting - Pitching for Nebraska Plainsmen : RHP Jim Unknown
Batting: RHB Marcos Martínez 0-0: Called Strike
0-1: Ball
1-1: Ball
2-1: Ball
3-1: SINGLE (Line Drive, 9LS)
Batting: RHB Will Huggins 0-0: Ball
1-0: Foul Ball, location: 2F
1-1: Grounds into double play, 6-4-3 (Groundball, 6)
Batting: LHB Steve Costillo 0-0: Ball
1-0: Swinging Strike
1-1: Ground out 4-3 (Groundball, 4)
Top of the 4th over - 0 run(s), 1 hit(s), 0 error(s), 0 left on base; Grim 1 - Nebraska 0
BOTTOM OF THE 4TH
Nebraska Plainsmen batting - Pitching for Grim Reapers : RHP Mack MacDonald
Batting: RHB Lorenzo Ruíz 0-0: Foul Ball, location: 2F
0-1: Ball
1-1: Foul Ball, location: 2F
1-2: Strikes out swinging
Batting: RHB Artie Dempsey 0-0: Ball
1-0: Foul Ball, location: 2F
1-1: Ball
2-1: Swinging Strike
2-2: SINGLE (Groundball, 34D)
Batting: RHB Bob Barlow 0-0: Ball
Wild Pitch!
Artie Dempsey to second
1-0: Swinging Strike
1-1: Ball
2-1: Ball
3-1: Base on Balls
Batting: RHB Bryce Honour 0-0: Ball
1-0: Called Strike
1-1: Called Strike
1-2: Strikes out swinging
Batting: RHB Júlio Crez 0-0: Ball
1-0: Fly out, F9 (Flyball, 9LMF)
Bottom of the 4th over - 0 run(s), 1 hit(s), 0 error(s), 2 left on base; Grim 1 - Nebraska 0
TOP OF THE 5TH
Grim Reapers batting - Pitching for Nebraska Plainsmen : RHP Jim Unknown
Batting: RHB Sherman Trowell 0-0: Called Strike
0-1: Swinging Strike
0-2: Ball
1-2: Ball
2-2: Strikes out swinging
Batting: RHB Earnest Vater 0-0: Ball
1-0: Ball
2-0: Ball
3-0: Base on Balls
Batting: RHB Júlio Gonzáles 0-0: Swinging Strike
0-1: Ground out 5-3 (Groundball, 56)
Earnest Vater to second
Batting: RHB Carlos Méndez 0-0: Foul Ball, location: 2F
0-1: Ball
1-1: Ball
2-1: Reached on error, E9 (Flyball, 9)
Earnest Vater scores
Batting: LHB Jesús Morales 0-0: Ball
1-0: Called Strike
1-1: Ball
2-1: Foul Ball, location: 2F
2-2: Strikes out swinging
Top of the 5th over - 1 run(s), 0 hit(s), 1 error(s), 1 left on base; Grim 2 - Nebraska 0
BOTTOM OF THE 5TH
Nebraska Plainsmen batting - Pitching for Grim Reapers : RHP Mack MacDonald
Batting: RHB Júlio Vargas 0-0: Called Strike
0-1: Foul Ball, location: 2F
0-2: Strikes out swinging
Batting: LHB Lance Antle 0-0: Called Strike
0-1: Ball
1-1: Ball
2-1: Called Strike
2-2: Foul Ball, location: 2F
2-2: Foul Ball, location: 2F
2-2: Strikes out swinging
Batting: RHB Amos Bies 0-0: Called Strike
0-1: Ball
1-1: Swinging Strike
1-2: Ball
2-2: Foul Ball, location: 2F
2-2: Strikes out swinging
Bottom of the 5th over - 0 run(s), 0 hit(s), 0 error(s), 0 left on base; Grim 2 - Nebraska 0
TOP OF THE 6TH
Grim Reapers batting - Pitching for Nebraska Plainsmen : RHP Jim Unknown
Batting: RHB Raúl Moreno 0-0: Ball
1-0: Ball
2-0: Called Strike
2-1: Ground out 6-3 (Groundball, 6)
Batting: RHB Marcos Martínez 0-0: Called Strike
0-1: Called Strike
0-2: Ball
1-2: Ground out 5-3 (Groundball, 5S)
Batting: RHB Will Huggins 0-0: Ball
1-0: Called Strike
1-1: Ball
2-1: Swinging Strike
2-2: Strikes out swinging
Top of the 6th over - 0 run(s), 0 hit(s), 0 error(s), 0 left on base; Grim 2 - Nebraska 0
BOTTOM OF THE 6TH
Nebraska Plainsmen batting - Pitching for Grim Reapers : RHP Mack MacDonald
Batting: RHB Young-hwan Hyon 0-0: Ball
1-0: Called Strike
1-1: Called Strike
1-2: Ground out 6-3 (Groundball, 6M)
Batting: RHB Lorenzo Ruíz 0-0: Fly out, F8 (Flyball, 8RM)
Batting: RHB Artie Dempsey 0-0: Foul Ball, location: 2F
0-1: Ball
1-1: Ball
2-1: Ball
3-1: Base on Balls
Batting: RHB Bob Barlow 0-0: Called Strike
0-1: Ball
1-1: Fly out, F7 (Line Drive, 7)
Bottom of the 6th over - 0 run(s), 0 hit(s), 0 error(s), 1 left on base; Grim 2 - Nebraska 0
TOP OF THE 7TH
Grim Reapers batting - Pitching for Nebraska Plainsmen : RHP Jim Unknown
Batting: LHB Steve Costillo 0-0: Fly out, F8 (Flyball, 8RM)
Batting: RHB Sherman Trowell 0-0: Called Strike
0-1: Ball
1-1: Ground out 6-3 (Groundball, 6S)
Batting: RHB Earnest Vater 0-0: Called Strike
0-1: Swinging Strike
0-2: Ground out 6-3 (Groundball, 6M)
Top of the 7th over - 0 run(s), 0 hit(s), 0 error(s), 0 left on base; Grim 2 - Nebraska 0
BOTTOM OF THE 7TH
Nebraska Plainsmen batting - Pitching for Grim Reapers : RHP Mack MacDonald
Batting: RHB Bryce Honour 0-0: Called Strike
0-1: Ball
1-1: Foul Ball, location: 2F
1-2: Ball
2-2: Ground out 6-3 (Groundball, 6)
Batting: RHB Júlio Crez 0-0: Ball
1-0: Foul Ball, location: 2F
1-1: Foul Ball, location: 2F
1-2: Ground out 4-3 (Groundball, 4)
Batting: RHB Júlio Vargas 0-0: Fly out, F9 (Flyball, 9LM)
Bottom of the 7th over - 0 run(s), 0 hit(s), 0 error(s), 0 left on base; Grim 2 - Nebraska 0
TOP OF THE 8TH
Grim Reapers batting - Pitching for Nebraska Plainsmen : RHP Jim Unknown
Batting: RHB Júlio Gonzáles 0-0: Ball
1-0: Foul Ball, location: 2F
1-1: Swinging Strike
1-2: Foul Ball, location: 2F
1-2: Strikes out swinging
Batting: RHB Carlos Méndez 0-0: Fly out, F9 (Flyball, 9LSF)
Batting: LHB Jesús Morales 0-0: Ball
1-0: Ball
2-0: Called Strike
2-1: Ball
3-1: SINGLE (Line Drive, 4MD)
Batting: RHB Raúl Moreno 0-0: Ball
1-0: Ball
2-0: Fly out, F9 (Flyball, 9S)
Top of the 8th over - 0 run(s), 1 hit(s), 0 error(s), 1 left on base; Grim 2 - Nebraska 0
BOTTOM OF THE 8TH
Nebraska Plainsmen batting - Pitching for Grim Reapers : RHP Mack MacDonald
Now in LF: Martín Cruz
Batting: LHB Lance Antle 0-0: Ball
1-0: Ball
2-0: Called Strike
2-1: Ball
3-1: Foul Ball, location: 2F
3-2: Strikes out swinging
Batting: RHB Amos Bies 0-0: Ball
1-0: Called Strike
1-1: Foul Ball, location: 2F
1-2: Strikes out swinging
Batting: RHB Young-hwan Hyon 0-0: SINGLE (Line Drive, 7S)
Pitching: LHP Steve Seabolt
Batting: RHB Lorenzo Ruíz 0-0: Ball
1-0: Called Strike
1-1: Swinging Strike
1-2: Fly out, F3 (Popup, 3S)
Bottom of the 8th over - 0 run(s), 1 hit(s), 0 error(s), 1 left on base; Grim 2 - Nebraska 0
TOP OF THE 9TH
Grim Reapers batting - Pitching for Nebraska Plainsmen : RHP Jim Unknown
Batting: RHB Marcos Martínez 0-0: Ball
1-0: Foul Ball, location: 2F
1-1: Ball
2-1: Foul Ball, location: 2F
2-2: Ball
3-2: Base on Balls
Batting: RHB Will Huggins 0-0: Bunt missed!
0-1: Sac Bunt - play at first, batter OUT! 3-4
Marcos Martínez to second
Pitching: RHP Tsugahara Hori
Batting: LHB Steve Costillo 0-0: Ball
1-0: Foul Ball, location: 2F
1-1: Ball
2-1: Ball
3-1: Fly out, F7 (Flyball, 78S)
Batting: RHB Sherman Trowell 0-0: Called Strike
0-1: Called Strike
0-2: Strikes out swinging
Top of the 9th over - 0 run(s), 0 hit(s), 0 error(s), 1 left on base; Grim 2 - Nebraska 0
BOTTOM OF THE 9TH
Nebraska Plainsmen batting - Pitching for Grim Reapers : LHP Steve Seabolt
Pitching: RHP Stu Noble
Batting: RHB Artie Dempsey 0-0: Fly out, F8 (Flyball, 8LD)
Batting: RHB Bob Barlow 0-0: Foul Ball, location: 2F
0-1: Foul Ball, location: 2F
0-2: Ball
1-2: SOLO HOME RUN (Flyball, 7D), Distance : 402 ft
Pinch Hitting: RHB Carl Wheezer 0-0: Swinging Strike
0-1: Ball
1-1: Ball
2-1: Swinging Strike
2-2: Ball
3-2: Foul Ball, location: 2F
3-2: Strikes out looking
Pinch Hitting: SHB Jim Unknown 0-0: Ball
1-0: Swinging Strike
1-1: Ball
2-1: Foul Ball, location: 2F
2-2: Ball
3-2: Foul Ball, location: 2F
3-2: Base on Balls
Pinch Hitting: LHB Alex Willis 0-0: Ball
1-0: Fielders Choice at 2nd, 4-6 (Groundball, 4)
Bottom of the 9th over - 1 run(s), 1 hit(s), 0 error(s), 0 left on base; Grim 2 - Nebraska 1
Friday, December 30th, 2016 - OOTP Baseball 17.12 Build 75